Map: Arctic Dream LE

Players

Massa - Winner!

  • Race: Terran Terran
  • League: Platinum
  • Spawn Location: 11:00

qqq - Winner!

  • Race: Zerg Zerg
  • League: Platinum
  • Spawn Location: 12:00

ElDelPLEIN

  • Race: Protoss Protoss
  • League: Diamond
  • Spawn Location: 6:00

ÇoNßTiPleiN

  • Race: Protoss Protoss
  • Spawn Location: 5:00

VOD

Have the link to the VOD?

Description

Time

  • Played on: Jan. 17, 2021, 7:13 a.m.
  • Length: 4:54
Show
View Real Time Build Order
Export as new Build Order

Massa Terran - Winner!

Build Orders:  

Get SALT Encoding   

  12  0:00  SCV  
  13  0:12  SCV  
  14  0:17  Supply Depot  
  14  0:24  SCV  
  15  0:38  SCV  
  15  0:39  Barracks  
  16  0:50  SCV  
  17  1:01  Refinery  
  17  1:03  SCV  
  19  1:28  Orbital Command  
  19  1:31  Marine, Supply Depot  
  19  1:49  Marine  
  20  1:59  SCV  
  21  2:06  Marine  
  22  2:24  Marine  
  22  2:25  Command Center  
  23  2:31  Factory  
  23  2:39  SCV  
  23  2:42  Marine  
  25  2:51  SCV  
  26  3:00  Marine  
  27  3:15  Hellion  
  27  3:18  Starport  
  29  3:30  SCV  
  29  3:32  Barracks Reactor  
  30  3:37  Refinery  
  30  3:38  Hellion  
  32  3:42  SCV  
  33  4:00  Hellion  
  33  4:01  Starport Tech Lab  
  33  4:02  SCV  
  37  4:04  Orbital Command  
  36  4:11  Barracks  
  36  4:12  Barracks  
  36  4:14  SCV  
  36  4:15  Barracks  
  37  4:20  Supply Depot  
  37  4:26  SCV  
  38  4:38  SCV  
Show
View Real Time Build Order
Export as new Build Order

qqq Zerg - Winner!

Build Orders: Hatch First, Zergling Baneling 

Get SALT Encoding   

  12  0:00  Drone  
  13  0:09  Drone  
  14  0:17  Overlord  
  14  0:43  Hatchery  
  14  0:50  Drone  
  14  0:51  Drone  
  14  0:55  Drone  
  16  1:33  Spawning Pool  
  16  1:34  Extractor, Drone x2  
  16  1:35  Drone  
  17  1:48  Drone  
  18  2:05  Drone x2  
  20  2:08  Drone  
  20  2:10  Drone  
  22  2:18  Drone  
  22  2:19  Drone  
  22  2:21  Queen  
  22  2:22  Queen  
  28  2:29  Overlord  
  28  2:31  Overlord  
  28  2:37  Metabolic Boost  
  28  2:48  Zergling x2  
  29  2:53  Zergling x2  
  29  2:55  Drone  
  29  2:56  Zergling x2  
  32  3:00  Baneling Nest  
  32  3:02  Zergling x2  
  32  3:04  Zergling x2  
  33  3:11  Zergling x2  
  33  3:12  Zergling x2  
  35  3:23  Zergling x2  
  35  3:24  Zergling x2  
  37  3:31  Zergling x2, Overlord  
  37  3:32  Zergling x2  
  39  3:35  Spore Crawler  
  39  3:37  Zergling x6  
  39  3:40  Zergling x2  
  42  3:41  Zergling x2  
  43  3:55  Zergling x2  
  44  3:56  Zergling x2  
  45  4:08  Baneling x4  
  45  4:09  Baneling x2  
  45  4:11  Baneling  
  45  4:13  Baneling  
  45  4:16  Zergling x2  
  46  4:20  Drone x2  
  48  4:31  Hatchery  
Show
View Real Time Build Order
Export as new Build Order

ElDelPLEIN Protoss 

Build Orders: Cannon Rush 

Get SALT Encoding   

  12  0:01  Probe  
  13  0:13  Probe  
  14  0:21  Pylon  
  14  0:25  Probe  
  15  0:40  Forge  
  15  0:43  Probe  
  16  1:00  Pylon  
  17  1:04  Probe  
  17  1:17  Photon Cannon  
  17  1:26  Photon Cannon  
  17  1:29  Pylon  
  17  1:48  Photon Cannon  
  17  1:54  Assimilator  
  16  2:03  Assimilator  
  16  2:05  Assimilator  
  16  2:09  Nexus  
  16  2:21  Gateway  
  16  2:27  Probe (Chrono Boost)  
  18  2:37  Probe (Chrono Boost)  
  18  2:42  Probe (Chrono Boost)  
  19  2:55  Probe (Chrono Boost)  
  20  3:02  Probe (Chrono Boost)  
  20  3:03  Pylon  
  21  3:09  Probe  
  22  3:22  Probe (Chrono Boost), Pylon  
  23  3:28  Cybernetics Core  
  23  3:29  Probe (Chrono Boost)  
  24  3:39  Probe (Chrono Boost)  
  25  3:42  Pylon  
  25  3:44  Probe (Chrono Boost)  
  26  3:56  Probe  
  26  4:01  Pylon  
  27  4:07  Twilight Council  
  27  4:13  Probe (Chrono Boost), Shield Battery  
  28  4:23  Probe (Chrono Boost)  
  29  4:27  Probe (Chrono Boost)  
  29  4:30  Gateway  
  30  4:35  Robotics Facility  
  30  4:39  Probe  
Show
View Real Time Build Order
Export as new Build Order

ÇoNßTiPleiN Protoss 

Build Orders: Oracle Opening 

Get SALT Encoding   

  12  0:00  Probe (Chrono Boost)  
  13  0:10  Probe (Chrono Boost)  
  14  0:18  Probe  
  15  0:29  Pylon  
  15  0:47  Probe, Forge  
  16  0:56  Assimilator  
  16  0:58  Assimilator  
  16  0:59  Probe  
  17  1:11  Probe  
  18  1:12  Gateway  
  18  1:28  Probe (Chrono Boost)  
  19  1:37  Probe (Chrono Boost)  
  20  1:42  Probe (Chrono Boost), Pylon  
  21  1:51  Pylon  
  21  2:03  Probe  
  22  2:12  Cybernetics Core  
  22  2:29  Photon Cannon  
  22  2:34  Probe  
  23  2:40  Pylon  
  23  2:46  Probe  
  24  2:58  Photon Cannon  
  24  3:03  Pylon  
  24  3:06  Stargate  
  24  3:10  Stargate  
  24  3:27  Probe, Nexus  
  25  3:45  Shield Battery  
  25  3:47  Probe  
  26  3:54  Oracle (Chrono Boost)  
  26  3:55  Oracle (Chrono Boost)  
  26  4:01  Probe  
Tags
 
Add a new tag
Caveats
  • Supply blocks, unpowered buildings, or Contaminate may cause inaccurate times.
  • Supply counts are checked every 10 seconds.